 Dungeon Sprint DCSS version 0.23-a0-175-g97aacdb306 (webtiles) character file.

4 ICC the Skirmisher (level 1, -4/18 HPs)
             Began as a Vine Stalker Berserker on Sept 17, 2018.
             Was a Believer of Trog.
             Slain by a sky beast (5 damage)
             ... in the Dungeon (Sprint IX: "|||||||||||||||||||||||||||||").
             The game lasted 00:00:29 (180 turns).

ICC the Skirmisher (Vine Stalker Berserker)          Turns: 180, Time: 00:00:30

Health: -4/18      AC:  2    Str: 24    XL:     1   Next: 60%
Magic:  0/2        EV: 12    Int:  7    God:    Trog [**....]
Gold:   0          SH:  0    Dex: 13    Spells: 0/0 levels left

rFire    . . .     SeeInvis .   a - +0 short sword
rCold    . . .     Gourm    .   (no shield)
rNeg     . . .     Faith    .   b - +0 animal skin
rPois    .         Spirit   +   (no helmet)
rElec    .         Reflect  .   (no cloak)
rCorr    .         Harm     .   (no gloves)
MR       .....     NoTele   +   (no boots)
Stlth    ..........             (no amulet)
HPRegen  0.06/turn              (no ring)
MPRegen  0.08/turn              (no ring)

@: berserking, very quick
A: fangs 2, magic shield, antimagic bite, no potion heal 3, rot immunity
a: Berserk, Trog's Hand, Renounce Religion


You were in the Dungeon.
You worshipped Trog.
Trog was pleased with you.
You were not hungry.

You visited 1 branch

Inventory:

Hand Weapons
 a - a +0 short sword (weapon)
Armour
 b - a +0 animal skin (worn)
Scrolls
 i - a scroll of blinking
Potions
 d - a potion of curing
 e - a potion of heal wounds
 f - a potion of haste
 g - 2 potions of magic
 h - a potion of berserk rage
Comestibles
 c - a ration
 j - 3 chunks of flesh


   Skills:
 + Level 3.0 Fighting
 + Level 3.0 Short Blades
 + Level 1.9 Armour
 + Level 2.0 Dodging
 + Level 1.4 Stealth


You couldn't memorise any spells.
You didn't know any spells.
Your spell library was empty.

Dungeon Overview and Level Annotations

Branches:
Dungeon (1/1)

Altars:


Innate Abilities, Weirdness & Mutations

You have extremely sharp teeth.
When hurt, damage is shared between your health and your magic reserves.
Your bite disrupts and absorbs the magic of your enemies.
Potions cannot restore your health.
You are immune to rotting.


Message History

The crimson imp shouts! x2
The jelly quivers.
The shadow imp shouts!
The crimson imp blinks!
A red film seems to cover your vision as you go berserk!
You feel yourself moving faster!
You feel mighty!
You feel a lot more hungry.
The sky beast flickers out of sight!
Deactivating autopickup; reactivate with Ctrl-A.
Something hits you. Something shocks you.
You completely miss something. Your bite misses something. Something hits you.
Something shocks you.
* * * LOW HITPOINT WARNING * * *
You are too berserk!
You puncture something! Something hits you but does no damage.
You barely miss something. Your bite misses something.
You closely miss something. You bite something. You drain its power.
You feel invigorated. Something hits you.
* * * LOW HITPOINT WARNING * * *
Something shocks you.
You die...

▓.▓
▓.▓
▓.▓
▓'▓
▓.▓
▓)▓
▓.▓
▓.▓
▓@▓
▓{▓
▓5▓
▓J▓
▓5▓
▓5▓
▓.▓
▓+▓


You could see a jelly, 2 crimson imps and a shadow imp.

Vanquished Creatures
  A giant cockroach (D)
  A kobold (D)
  3 rats (D)
5 creatures vanquished.

Notes
Turn   | Place    | Note
-------+----------+-------------------------------------------
     0 | D        | ICC the Vine Stalker Berserker began the quest for the Orb.
     0 | D        | Reached XP level 1. HP: 11/11 MP: 2/2
     9 | D        | Reached skill level 1 in Stealth
    12 | D        | Reached ** piety under Trog
   175 | D        | Noticed a sky beast
   175 | D        | Noticed a jelly
   175 | D        | Noticed a crimson imp
   175 | D        | Noticed a crimson imp
   180 | D        | Slain by a sky beast

Vault maps used:
D:        linesprint

Skill      XL: |  1 |
---------------+----+-----
Stealth        | 1 |  1.4
Fighting       | 3 |  3.0
Short Blades   | 3 |  3.0
Dodging        | 2 |  2.0
Armour         | |  1.9

Action                   || total
-------------------------++-------
Melee: Short sword       ||    15
       Bite              ||     5
Invok: Berserk           ||     2
Armor: Animal skin       ||     3
Dodge: Dodged            ||     4

Table legend:
 A = Non-vault XP
 B = Vault XP
 C = Vault XP percentage of total XP
 D = Non-vault monster count
 E = Vault monster count
 F = Vault count percentage of total count
                 A         B        C        D         E       F
            +---------+---------+-------+---------+---------+-------
      Total |       0 |       6 | 100.0 |       0 |       5 | 100.0
            +---------+---------+-------+---------+---------+-------
          D |       0 |       6 | 100.0 |       0 |       5 | 100.0
            +---------+---------+-------+---------+---------+-------
